 Dungeon Crawl Stone Soup version 0.31-a0-981-geadf994542 (webtiles) character file.

Game seed: 10788644707147454799

160 AIAndy the Ruffian (level 5, -1/29 HPs)
             Began as an Octopode Shapeshifter on Nov 1, 2023.
             Was a Believer of Hepliaklqana.
             Slain by a gnoll
             ... wielding a +0 halberd
              (15 damage)
             ... on level 3 of the Dungeon.
             The game lasted 00:03:59 (1449 turns).

AIAndy the Ruffian (Octopode Shapeshifter)          Turns: 1449, Time: 00:03:59

Health: -1/29      AC:  1    Str: 15    XL:     5   Next: 41%
Magic:  5/5        EV: 13    Int: 13    God:    Hepliaklqana [**....]
Gold:   117        SH:  0    Dex: 11    Spells: 4/4 levels left

rFire   . .          .
                       - Unarmed
rCold   . . .        (no shield)
rNeg    . . .        (helmet currently unavailable)
rPois   .            l - amulet of magic regeneration
rElec   .            (no ring)
rCorr   .            (no ring)
SInv    .            (no ring)
Will    .....        (no ring)
Stlth   ++           (no ring)
HPRegen 0.24/turn    (no ring)
MPRegen 0.49/turn    (no ring)
                     (no ring)

%: no passive effects
@: beast-form
A: beast (slay +2), reduced essence, almost no armour, amphibious, 8 rings,
camouflage 1, gelatinous body 1, (nimble swimmer 1), tentacles
a: Begin Untransformation, Renounce Religion, Recall Ancestor, Ancestor Identity


You were on level 3 of the Dungeon.
You worshipped Hepliaklqana.
Hepliaklqana was pleased with you.
You were a hulking beast.
You visited 1 branch of the dungeon, and saw 3 of its levels.

You collected 117 gold pieces.


Innate Abilities, Weirdness & Mutations

You are a hulking beast.
Your limbs bulge with bestial killing power. (Slay +2)
Your life essence is reduced to manifest your ancestor. (-10% HP)
You cannot wear most types of armour.
You are amphibious.
You can wear up to eight rings at the same time.
Your skin changes colour to match your surroundings (Stealth+).
Your rubbery body absorbs attacks. (AC +1, EV +1)
((You are camouflaged when in or above water. (Stealth+)))
You have tentacles for arms and can constrict up to eight enemies at once.


   Skills:
 - Level 1.0 Fighting
 - Level 2.0 Dodging
 + Level 4.7 Unarmed Combat
 + Level 4.4 Shapeshifting


You had 4 spell levels left.
You didn't know any spells.
Your spell library contained the following spells:

 Spells                   Type           Power      Damage    Failure   Level
 Sandblast                Erth           0%         2d4       30%         1
 Passwall                 Tmut/Erth      0%         N/A       43%         2
 Stone Arrow              Conj/Erth      0%         3d7       67%         3
 Brom's Barrelling Bould  Conj/Erth      0%         2d3       97%         4

Inventory:

Hand Weapons
 o - the +2 sling of Doubt {freeze, Fly rPois rF- rN++}
   (You found it on level 3 of the Dungeon)

   rF-:       It makes you vulnerable to fire.
   rPois:     It protects you from poison rN++: It greatly protects you from
   negative energy.
   Fly:       It grants you flight.
Armour
 h - a +0 buckler
Jewellery
 l - an amulet of magic regeneration (around mantle)
Talismans
 b - a beast talisman
 c - a flux talisman
Wands
 j - a wand of flame (19)
Scrolls
 d - 4 scrolls of enchant weapon {unknown}
 f - a scroll of identify {unknown}
 g - 2 scrolls of noise {unknown}
 k - a scroll of torment {unknown}
 n - a scroll of amnesia {unknown}
Potions
 a - a potion of lignification {!q}
 e - a potion of degeneration {unknown}
 i - a potion of might {unknown}
 m - a potion of brilliance {unknown}

Dungeon Overview and Level Annotations

Branches:
Dungeon (3/15)

Altars:
Hepliaklqana
Okawaru
Vehumet

...▒.▒......... ...........
.▒.....▒.....................
....▒........................
..▒...▒..▒.#.....)...........
..........w#.................
.▒..⚑.)▒.▒.#.................
.......†g..#.................
..▒...▒.R▒g#...<.............
....▒.......h............####
.▒.....▒..###............#
...▒.▒...## ######.#######
#.......## #<# ####### ###


You could see the friendly Kendra the battlemage and 2 gnolls.


Message History

Found a radiant altar of Vehumet.
A gnoll comes into view. It is wielding a +0 flail.
The gnoll shouts!
You hear a shout!
A gnoll is nearby!
A rat comes into view.
A gnoll comes into view. It is wielding a +0 halberd.
A hobgoblin comes into view.
A dart slug comes into view.
The gnoll hits you with a +0 flail!
You barely miss the gnoll. Your grab misses the gnoll.
Your squeeze misses the gnoll.
You hear the brisk rusting of a distant drain.
Kendra casts a spell at the gnoll.
The puff of frost hits the gnoll!
The gnoll hits you with a +0 flail!
* * * LOW HITPOINT WARNING * * *
You are too injured to fight recklessly!
You are too injured to fight recklessly!
You bludgeon the gnoll!
You kill the gnoll!
A gnoll comes into view. It is wielding a +0 flail.
The rat bites Kendra.
Kendra hits the rat with a +0 quarterstaff!
The rat dies!
Kendra hits the hobgoblin with a +0 quarterstaff!
The hobgoblin dies!
The gnoll closely misses you. The gnoll attacks as it pursues you!
The gnoll hits you from afar with a +0 halberd!
Ouch! That really hurt!
You die...

Skill      XL: |  1  2  3  4 |
---------------+-------------+-----
Unarmed Combat | 4 |  4.7
Shapeshifting  | 4 |  4.4
Fighting       | |  1.0
Dodging        | |  2.0

Action                     |  1- 3 |  4- 6 || total
---------------------------+-------+-------++-------
  Melee: Unarmed           |    57 |    30 ||    87
         Constrict         |    20 |     5 ||    25
         Tentacles         |    10 |     5 ||    15
         Punch             |     2 |     1 ||     3
 Invoke: Ancestor Life: Ba |       |     1 ||     1
   Stab: Sleeping          |     6 |     2 ||     8
 Armour: Skin              |    17 |     9 ||    26
  Dodge: Dodged            |    30 |     9 ||    39

Levels and vault maps discovered:
D:1:      sevenhm_arrival_forest_fort_large_4, layout_loops_ring,
          dreamdust_ecumenical_altar_grove
D:2:      layout_rooms, basic_altar
D:3:      layout_basic, nicolae_vehumet_radiance, nzn_wu_jian_council_hall,
          gup_sewer_entry_bowl, uniq_ijyb, uniq_jessica

Notes
Turn   | Place    | Note
-------+----------+-------------------------------------------
     0 | D:1      | AIAndy the Octopode Shapeshifter began the quest for the
                  | Orb.
     0 | D:1      | Reached XP level 1. HP: 13/13 MP: 1/1
   199 | D:1      | Reached XP level 2. HP: 18/18 MP: 2/2
   234 | D:1      | Found a faded altar of an unknown god.
   251 | D:1      | Prayed at the altar of an unknown god.
   251 | D:1      | Became a worshipper of Hepliaklqana the Forgotten
   251 | D:1      | Reached * piety under Hepliaklqana
   458 | D:1      | Reached XP level 3. HP: 20/20 MP: 3/3
   696 | D:2      | Reached skill level 4 in Unarmed Combat
   696 | D:2      | Reached XP level 4. HP: 20/25 MP: 4/4
   760 | D:2      | Found an iron altar of Okawaru.
   821 | D:2      | Reached ** piety under Hepliaklqana
   822 | D:2      | Remembered your ancestor Kendra as a battlemage
  1058 | D:3      | Noticed Ijyb
  1065 | D:3      | Killed Ijyb
  1066 | D:3      | Reached skill level 4 in Shapeshifting
  1080 | D:3      | Noticed Jessica
  1084 | D:3      | Killed Jessica
  1085 | D:3      | Reached XP level 5. HP: 23/29 MP: 5/5
  1138 | D:3      | Identified the +2 sling of Doubt {freeze, Fly rPois rF-
                  | rN++}
  1436 | D:3      | Found a radiant altar of Vehumet.
  1449 | D:3      | Slain by a gnoll

Vanquished Creatures
  Ijyb (D:3)
  A gnoll (D:3)
  An adder (D:3)
  A worm (D:2)
  A dart slug (D:1)
  An orc (D:3)
  A bat (D:1)
  5 endoplasms
  7 hobgoblins
  3 jackals (D:1)
  7 kobolds
  8 ball pythons
  5 frilled lizards
  4 goblins
  4 rats
50 creatures vanquished.

Vanquished Creatures (collateral kills)
  Jessica (D:3)
  2 adders (D:2)
  A worm (D:2)
  A giant cockroach (D:2)
  A goblin (D:3)
  3 hobgoblins
  2 ball pythons (D:2)
  2 kobolds
  3 rats
16 creatures vanquished.

Grand Total: 66 creatures vanquished

Table legend: (Time is in decaauts)
 A = Elapsed time spent in this place.
 B = Non-inter-level travel time spent in this place.
 C = Inter-level travel time spent in this place.
 D = Time resting spent in this place.
 E = Time spent auto-exploring this place.
 F = Levels seen in this place.
 G = Mean time per level.
                   A        B        C        D        E       F      G
               +--------+--------+--------+--------+--------+-----+--------+
         Total |   1442 |   1357 |     85 |      0 |   1004 |   3 |  480.7 |
       Dungeon |   1442 |   1357 |     85 |      0 |   1004 |   3 |  480.7 |
               +--------+--------+--------+--------+--------+-----+--------+

Top non-repeatable levels by time:
     D:1: 629 daAuts
     D:3: 411 daAuts
     D:2: 400 daAuts

Table legend:
 A = Non-vault XP
 B = Vault XP
 C = Vault XP percentage of total XP
 D = Non-vault monster count
 E = Vault monster count
 F = Vault count percentage of total count
                 A         B        C        D         E       F
            +---------+---------+-------+---------+---------+-------
      Total |     159 |      70 |  30.6 |      64 |       2 |   3.0
            +---------+---------+-------+---------+---------+-------
        D:1 |      40 |       0 |   0.0 |      25 |       0 |   0.0
        D:2 |      66 |       0 |   0.0 |      22 |       0 |   0.0
        D:3 |      53 |      70 |  56.9 |      17 |       2 |  10.5
            +---------+---------+-------+---------+---------+-------
